 Dungeon Crawl Stone Soup version 0.02-207-g49f19f9342 (webtiles) character file.

Game seed: 16039232829733559146, levelgen mode: deterministic

466572 MisterOstroum the Warrior (level 23, -13/316 HPs) Pearl Draconian Wizard. Began on Nov 13, 2020. Was the Champion of Bahamut & Tiamat. Mangled by a titanic slime creature (97 damage) ... on level 5 of the Pits of Slime on Nov 15, 2020. The game lasted 04:16:28 (59531 turns).

MisterOstroum the Warrior (Pearl Draconian Wizard) Turns: 59531, Time: 04:16:28

Health: -13/316    AC: 24    Str: 26    XL:     23 ^: 78662
Magic:  16/41      EV: 15    Int: 29    God:    Bahamut & Tiamat [6* [197]]
Gold:   6116       SH:  5    Dex: 13    Spells: 3/51 levels left

rFire    + . .     Vision   +     - Unarmed
rCold    + + .     Gourm    .     - Unarmed
rNeg     + + +     Faith    .   (armour unavailable)
rPois    +         Spirit   .   (helmet currently unavailable)
rElec    .         Reflect  +   (cloak currently unavailable)
rCorr    +         Harm     .   (gloves currently unavailable)
MR       +....                  (boots currently unavailable)
Stlth    +++.......             g - amulet of reflection
HPRegen  1.15/turn              u - ring "Nocracaun" {rF+ rC++ rCorr}
MPRegen  0.51/turn              L - ring "Icecvan" {EV+5 Str+6 Dex+4 +Vis}

@: short of breath, dragon-form, marked, corroded, berserk cooldown, flying,
hasted and slowed
A: giant, no body armour, unfitting armour, wild magic 1, boosted slings
aptitude, strongly boosted whips and flails aptitude, boosted stealth aptitude,
charms, summoning and earth enhancers 2, AC++, rN+++, AC +18
}: 2/15 runes: decaying, serpentine
a: Breathe Blessed Flames, End Transformation, Enhanced Breath, Summon Drakes,
Renounce Religion


You were on level 5 of the Pits of Slime.
You worshipped Bahamut & Tiamat.
Bahamut & Tiamat was exalted by your worship.
You were full.
You were a fearsome dragon!
You visited 10 branches of the dungeon, and saw 40 of its levels.
You visited the Abyss 1 time.
You also visited: Ice Cave and Wizlab.

You collected 8679 gold pieces.
You spent 2563 gold pieces at shops.

Inventory:

Shields
 r - a +3 buckler of resistance (melded)
Armour
 J - a +2 pair of boots of running (melded)
 K - a +0 pair of clawed gauntlets (melded)
 N - a +2 cloak (melded)
 Z - a +2 hat of improved vision (melded)
Magical Staves
 a - a +0 menacing staff of fire
Jewellery
 g - an amulet of reflection (around neck)
 l - the ring "Numex" {rElec MR+ Str+2}
   (You acquired it on level 2 of the Dungeon)

   [ring of protection from magic]

   It affects your strength (+2).
   It insulates you from electricity.
   It affects your resistance to hostile enchantments.
 s - an uncursed ring of intelligence
 u - the ring "Nocracaun" (left foreclaw) {rF+ rC++ rCorr}
   (You found it on level 1 of the Vaults)

   [ring of resist corrosion]

   It protects you from fire.
   It greatly protects you from cold.
   It provides partial protection from all sources of acid and corrosion.
 L - the ring "Icecvan" (right foreclaw) {EV+5 Str+6 Dex+4 +Vis}
   (You found it on level 5 of the Dungeon)

   [ring of evasion]

   It affects your evasion (+5).
   It affects your strength (+6).
   It affects your dexterity (+4).
   It improves your vision.
 O - an uncursed ring of protection
 R - the ring of the Fortune-Teller {rPois Str+4 Slay+3 Stlth+}
   (You found it on level 5 of the Lair of Beasts)

   [ring of poison resistance]

   It affects your strength (+4).
   It affects your accuracy and damage with ranged weapons and melee attacks
   (+3).
   It protects you from poison.
   It makes you more stealthy.
Wands
 b - a wand of ensnaring (17)
 E - a wand of hasting (23)
 H - a wand of enslavement (7)
 M - a wand of clouds (6)
 S - a wand of acid (11)
 U - a wand of scattershot (11)
 V - a wand of healing (16)
 X - a wand of iceblast (44)
Scrolls
 d - 6 scrolls of bless item
 i - a scroll of immolation
 j - 20 scrolls of teleportation {@r3 !r}
 k - 2 scrolls of summoning
 o - 5 scrolls of enchantment
 v - a scroll of amnesia
 w - 2 scrolls of blinking {@r4}
 x - 10 scrolls of fog {!r}
 y - 14 scrolls of magic mapping {@r5 !r}
 D - 7 scrolls of fear {!r}
 I - 2 scrolls of holy word
Potions
 f - 28 potions of curing {@q1 !q}
 h - 3 potions of resistance
 n - 17 potions of lignification {@q6}
 p - 6 potions of mutation
 q - 2 potions of invisibility
 A - 10 potions of might {@q3 !q}
 B - 7 potions of magic
 C - 11 potions of heal wounds {@q2 !q}
 F - 10 potions of brilliance
 G - 10 potions of agility {@q5 !q}
 P - 8 potions of haste {@q4 !q}
 W - a potion of cancellation
Miscellaneous
 c - a lantern of shadows
 t - a lightning rod (4/4)
 z - a sack of spiders
 T - a fan of gales
 Y - a lamp of fire
Comestibles
 e - 37 rations


   Skills:
 + Level 18.5 Fighting
 + Level 9.9 Dodging
 - Level 6.6 Stealth
 - Level 8.0 Shields
 * Level 17.5 Unarmed Combat
 + Level 14.7 Spellcasting
 - Level 9.9 Charms
   Level 5.6 Summonings
 - Level 7.0 Necromancy
 - Level 3.6 Translocations
 - Level 15.0 Transmutations
 - Level 12.2 Fire Magic
 - Level 13.0 Earth Magic
 + Level 11.2 Invocations
 + Level 8.6 Evocations


You had 3 spell levels left.
You knew the following spells:

 Your Spells              Type           Power        Failure   Level  Hunger
a - Sandblast             Erth           50 (50)      1%          1    None
b - Bolt of Fire          Fire           88 (200)     1%          6    ####...
c - Lee's Rapid Deconstr  Erth           136 (200)    1%          5    None
d - Petrify               Tmut/Erth      100 (100)    1%          4    None
e - Passwall              Tmut/Erth      120 (120)    1%          2    None
f - Conjure Flame         Fire           88 (100)     1%          3    None
g - Borgnjor's Vile Clut  Necr/Erth      124 (200)    2%          6    ####...
h - Methodical Deconstru  Erth           136 (200)    1%          5    None
i - Flame Tongue          Fire           30 (30)      1%          1    None
j - Song of Slaying       Chrm           100 (100)    1%          2    None
B - Blink                 Tloc           N/A          1%          2    None
H - Regeneration          Chrm/Necr      118 (200)    1%          3    None
O - Statue Form           Tmut/Erth      140 (150)    1%          6    ####...
P - Dragon Form           Tmut           96 (200)     1%          7    #####..

Your spell library contained the following spells:

 Spells                   Type           Power        Failure   Level  Hunger
 Beastly Appendage        Tmut           50 (50)      1%          1    None
 Confusing Touch          Hex            27 (50)      1%          1    None
 Foxfire                  Fire           25 (25)      1%          1    None
 Infusion                 Chrm           25 (25)      1%          1    None
 Magic Candle             Hex/Fire       65 (90)      1%          1    None
 Pain                     Hex/Necr       25 (25)      1%          1    None
 Poisonous Vapours        Pois/Air       27 (50)      1%          1    None
 Shock                    Air            25 (25)      1%          1    None
 Summon Butterflies       Summ           100 (100)    1%          1    None
 Summon Small Mammal      Summ           25 (25)      1%          1    None
 Call Imp                 Summ           100 (100)    1%          2    None
 Corpse Rot               Tmut/Necr      N/A          1%          2    None
 Ensorcelled Hibernation  Hex/Ice        27 (50)      1%          2    None
 Shroud of Golubria       Chrm/Tloc      109 (200)    1%          2    None
 Slow                     Hex            27 (100)     1%          2    None
 Sticks to Snakes         Tmut           96 (100)     1%          2    None
 Sublimation of Blood     Necr           69 (200)     1%          2    None
 Swiftness                Chrm/Air       99 (100)     1%          2    None
 Apportation              Tloc           50 (50)      1%          3    None
 Call Canine Familiar     Summ           100 (100)    1%          3    None
 Gell's Gravitas          Tloc           53 (200)     1%          3    None
 Ignite Poison            Fire/Tmut      92 (100)     1%          3    None
 Inner Flame              Hex/Fire       65 (100)     1%          3    None
 Portal Projectile        Chrm/Tloc      50 (50)      1%          3    None
 Pryten's Skeletal Upris  Chrm/Necr      118 (200)    1%          3    None
 Recall                   Summ/Tloc      N/A          1%          3    None
 Scorpion Form            Tmut/Pois      71 (200)     1%          3    None
 Snakes to Sticks         Hex/Tmut       71 (100)     1%          3    None
 Spectral Weapon          Chrm/Summ      100 (100)    1%          3    None
 Stone Arrow              Erth           50 (50)      1%          3    None
 Teleport Other           Hex/Tloc       41 (100)     1%          3    None
 Blinding Spray           Hex/Pois       27 (50)      3%          3    None
 Confuse                  Hex            27 (100)     3%          3    None
 Mephitic Cloud           Pois/Air       27 (100)     3%          3    None
 Static Discharge         Air            27 (100)     3%          3    None
 Tukima's Dance           Hex            27 (100)     3%          3    None
 Animate Dead             Necr           N/A          1%          4    None
 Force Lasso              Tloc/Erth      117 (200)    1%          4    None
 Ice Form                 Ice/Tmut       71 (100)     1%          4    None
 Leda's Liquefaction      Tmut/Erth      140 (200)    1%          4    None
 Sticky Flame             Fire/Pois      65 (100)     1%          4    None
 Blade Hands              Tmut           96 (200)     1%          5    None
 Bolt of Magma            Fire/Erth      135 (200)    1%          5    None
 Excruciating Wounds      Chrm/Necr      118 (200)    1%          5    None
 Irradiate                Tmut/Pois      71 (200)     1%          5    None
 Iskenderun's Battlesphe  Chrm/Erth      100 (100)    1%          5    None
 Summon Forest            Summ/Erth      121 (200)    1%          5    None
 Yara's Violent Unravell  Hex/Tmut       71 (200)     1%          5    None
 Cigotuvi's Degeneration  Tmut/Necr      84 (200)     1%          6    ####...
 Hydra Form               Tmut           96 (200)     1%          6    ####...
 Iron Shot                Erth           136 (200)    1%          6    ####...
 Ring of Flames           Chrm/Fire      129 (200)    1%          6    ####...
 Tunneling                Erth           136 (200)    1%          6    ####...
 Passage of Golubria      Tloc           N/A          2%          4    None
 Invisibility             Chrm           100 (100)    2%          6    ####...
 Summon Ice Beast         Ice/Summ       84 (100)     3%          4    None
 Force Lance              Tloc/Air       41 (200)     4%          4    None
 Muse Oam's Air Blast     Tloc/Air       41 (100)     4%          4    None
 Death Channel            Chrm/Necr      118 (200)    4%          6    ####...
 Eringya's Noxious Bog    Tmut/Pois      71 (200)     6%          6    ####...
 Summon Lightning Spire   Summ/Air       84 (100)     8%          5    None
 Summon Mana Viper        Summ/Pois      84 (100)     8%          5    None
 Airstrike                Air            27 (200)     9%          4    None
 Cause Fear               Hex            27 (200)     9%          4    None
 Fulminant Prism          Hex            27 (200)     9%          4    None
 Still Winds              Hex/Air        27 (200)     9%          4    None
 Deflect Missiles         Chrm/Air       99 (200)     16%         6    ####...
 Lightning Bolt           Air            27 (200)     22%         5    None
 Silence                  Hex/Air        27 (200)     22%         5    None
 Dispersal                Tloc           53 (200)     28%         6    ####...
 Simulacrum               Ice/Necr       53 (200)     28%         6    ####...
 Infestation              Tmut/Pois      71 (200)     28%         7    #####..
 Spellforged Servitor     Summ           103 (200)    50%         7    #####..
 Summon Hydra             Summ           103 (200)    50%         7    #####..
 Freezing Cloud           Ice/Air        27 (200)     69%         6    ####...
 Controlled Blink         Tloc           53 (100)     77%         7    #####..
 Shatter                  Erth           136 (200)    96%         9    #######
 Iskenderun's Icy Sphere  Ice            27 (200)     99%         7    #####..
 Disjunction              Tloc           53 (200)     100%        8    #######
 Dragon's Call            Summ           103 (200)    100%        9    #######


Dungeon Overview and Level Annotations

Branches:
Dungeon (8/8)              Temple (1/1) D:4            Lair (6/6) D:5
  Swamp (4/4) Lair:3        Snake (4/4) Lair:3        Slime (5/5) Lair:6
    Orc (2/2) D:6             Elf (3/3) Orc:2        Vaults (4/5) D:7
  Crypt (3/3) Vaults:3       Tomb (0/3) Crypt:3      Depths (0/5) D:8
  IceCv (visited)          WizLab (visited)

Altars:
Ashenzari Bahamut & Tiamat
Cheibriados
Elyvilon
Fedhas Madash
Gozag Ym Sagoz
Hepliaklqana
Kikubaaqudgha
Makhleb
Nemelex Xobeh
Okawaru
Qazlal
Ru
Sif Muna
Trog
Uskayaw
Vehumet
Wu Jian
Xom
Yredelemnul
Zin
The Shining One
Beogh

Shops:
D:5 :   Orc:2 [*(:(   Elf:1 *   Vaults:4 %

Portals:
Trove: Vaults:4 (give 7 potions of haste)


Innate Abilities, Weirdness & Mutations

You cannot fit into any form of body armour.
Your opalescent pearl scales are hard. (AC +18)
You can breathe bursts of cleansing flame.
((Your large and strong wings let you fly indefinitely.))
((You are cold-blooded and may be slowed by cold attacks.))
You are naturally skilled at Slings (Aptitude +3).
You are naturally adept at Whips & Flails (Aptitude +5).
You are naturally skilled at Stealth (Aptitude +3).
You are strongly in touch with the powers of charms, summonings and the earth.
Your opalescent pearl scales boost your defenses and vastly increase your resistance to negative energy. (AC++, rN+++)
Your spells are a little harder to cast, but a little more powerful.


Message History

You kill the azure jelly!
That felt strangely unrewarding.
The fiery explosion engulfs the slime creature (30)!!
The slime creature is severely wounded. (16/61) HP The fiery explosion engulfs the azure jelly (43)!!!
The azure jelly is burned terribly!
The azure jelly is almost dead. (2/88) HP Tiamat appreciates your kill.
The slime creature is engulfed in blazing flames.
The large slime creature is engulfed in blazing flames.
The large slime creature explodes!
The fiery explosion engulfs the azure jelly shaped pillar of salt (37)!!!
You destroy the azure jelly shaped pillar of salt!
The fiery explosion engulfs the slime creature shaped pillar of salt (33)!!
You destroy the slime creature shaped pillar of salt!
The fiery explosion engulfs the slime creature (33)!!
You kill the slime creature!
Bahamut approves of your kill.
The fiery explosion engulfs the azure jelly (22)!!
The azure jelly is burned terribly!
You kill the azure jelly!
Tiamat appreciates your kill. x2
The large slime creature is engulfed in blazing flames. 2 remnants of a dead god come into view.
The titanic slime creature is engulfed in blazing flames.
The acid blob is engulfed in blazing flames.
The acid blob jiggles.
The acid blob is engulfed in blazing flames.
The acid blob jiggles.
A remnant of a dead god comes into view.
The large slime creature is engulfed in blazing flames.
The acid blob is engulfed in blazing flames.
The azure jelly shaped pillar of salt is engulfed in blazing flames.
You destroy the azure jelly shaped pillar of salt!
The slime creature shaped pillar of salt is engulfed in blazing flames.
You destroy the slime creature shaped pillar of salt!
The acid blob is engulfed in blazing flames.
The slime creature shaped pillar of salt is engulfed in blazing flames.
You destroy the slime creature shaped pillar of salt!
You block the death ooze's attack.
The death ooze hits you but does no damage.
Unknown command.
Unknown command.
Unknown command.
Press: ? - help, v - describe, . - travel Unknown command.
The death ooze blocks your attack.
You bite the death ooze (27)!!
The death ooze is severely damaged. (19/52) HP The titanic slime creature is engulfed in blazing flames.
Okay, then.
You bite the death ooze (24)!!
You destroy the death ooze!
That felt strangely unrewarding.
The acid blob is engulfed in blazing flames.
A remnant of a dead god comes into view.
The remnant of a dead god is engulfed in blazing flames.
The acid blob is engulfed in blazing flames.
The large slime creature is engulfed in blazing flames.
A remnant of a dead god comes into view.
You have got your breath back.
The acid blob is engulfed in blazing flames. x3
The large slime creature is engulfed in blazing flames.
The azure jelly is engulfed in blazing flames.
Press: ? - help, v - describe, . - travel
Press: ? - help, v - describe, . - travel
Here: a remnant of a dead god (undamaged (128/128)) Unknown command.
Unknown command.
A remnant of a dead god comes into view.
The remnant of a dead god misses you (0).
The remnant of a dead god closely misses you (0). x2
The remnant of a dead god hits you (3).
* * * LOW HITPOINT WARNING * * *
You hold your ground!
The large slime creature is engulfed in blazing flames.
Unknown command.
The large slime creature's inner flame fades away.
The acid blob spits acid at you. The splash of acid hits you (5). You resist.
* * * LOW HITPOINT WARNING * * *
The acid corrodes you!
You are splashed with acid (2).
You resist.
* * * LOW HITPOINT WARNING * * *
The remnant of a dead god hits the death ooze shaped pillar of salt (11)!
The death ooze shaped pillar of salt is destroyed!
There is a stone staircase leading up here.
Breath at?
Press: ? - help, Shift-Dir - straight line, f - remnant of a dead god
Aim: a remnant of a dead god (undamaged (128/128))
You roar a word of immense power!
You exhale a cleansing burst of sacred fire.
The blast of cleansing flame hits the acid blob (54)!!!
You kill the acid blob!
That felt strangely unrewarding.
The blast of cleansing flame hits the remnant of a dead god (37)!!!
The remnant of a dead god is moderately damaged. (91/128) HP The titanic slime creature is engulfed in blessed fire.
The remnant of a dead god is engulfed in blessed fire.
The titanic slime creature is engulfed in blessed fire.
The titanic slime creature hits you (97)!!!!
You die...

≈***,*≈*...§...............#
≈***,,,,.§.....§...☼○§☼...##
,,*,,≈≈≈≈.......JJJ..§§...#
≈,,,≈≈≈≈≈....§.J.J.§.§§§..#
≈≈≈,≈≈≈≈......J.J.JJ.§§§.##
≈≈≈,≈≈,,...§.J...§......##
≈≈≈,,,,≈♣♣..§.JJ§J§....##
,≈≈≈≈,≈,....§§§J8J#....#
≈,,≈≈,≈,<...§§..D##..§##
**≈,,,≈,,.§§§§§######§#
****≈≈,,.≈§.§#* ###
***≈*..§##* **≈≈≈** **#**


You could see 4 remnants of a dead god, an acid blob and a titanic slime
creature (inner flame).

Vanquished Creatures
  An ancient lich (Crypt:3)
  Mennas (Crypt:3)
  Bai Suzhen (Snake:4)
  Frederick (Crypt:2)
  Boris (twice) (Crypt:2 Crypt:3)
  The ghost of Ugguttuj the Peltast, a veteran DrWn of Okawaru (Vaults:1)
  Jory (Vaults:2)
  Nikola (Snake:2)
  An Ice Fiend (IceCv)
  2 liches (Crypt:3)
  Jorgrun (Elf:2)
  A Cloud Mage (WizLab)
  The ghost of Lanoc the Warrior, an adept DrDg (Swamp:3)
  25 acid blobs
  A shadow dragon (Vaults:4)
  An ancient champion (Crypt:2)
  A tentacled starspawn (Abyss:2)
  the Royal Jelly (Slime:5)
  3 storm dragons
  Circe (Snake:3)
  A tengu reaver (Vaults:4)
  A thorn hunter (Swamp:4)
  An iron dragon (Elf:1)
  8 nagarajas
  5 war gargoyles
  2 orc warlords
  2 bone dragons
  Roxanne (D:8)
  Louise (Snake:4)
  A deep elf sorcerer (Elf:3)
  13 vault wardens
  A frost giant (Vaults:4)
  13 ironheart preservers
  A curse skull (Crypt:1)
  Aizul (Snake:3)
  2 deep elf master archers (Elf:3)
  5 vampire knights
  2 entropy weavers (Vaults:4)
  3 deep elf blademasters
  5 deep elf demonologists
  3 eidola
  3 gibbering mounds
  3 deep elf annihilators (Elf:3)
  A ghoul (Crypt:3)
  3 deep elf death magi (Elf:3)
  6 ice dragons
  3 blizzard demons (WizLab)
  6 fire dragons
  The ghost of Hiezim the Thaumaturge, a journeyman DECj of Vehumet (Lair:6)
  4 mummy priests (Lair:1)
  3 crystal guardians (Crypt:3)
  2 boulder beetles
  10 naga warriors
  3 verdant moulds
  2 jiangshi (Crypt:2)
  7 great orbs of eyes
  2 spriggan air magi (WizLab)
  5 death knights
  2 catoblepae (Lair:4)
  5 ghost crabs
  3 sphinx moths
  A stone giant (Orc:1)
  19 alligators
  An ettin (Vaults:4)
  10 ogre magi
  9 soul eaters
  The ghost of Puepiyp the Fighter, a journeyman VSTm of Dithmenos (Lair:6)
  3 swooping magpies
  The ghost of Comi the Carver, a journeyman TeBe of Trog (Lair:6)
  The ghost of Comi the Carver, a journeyman TeBe of Trog (Lair:6)
  Urug (D:7)
  A swooping magpie (shapeshifter) (Vaults:4)
  19 deep elf knights
  8 naga sharpshooters
  7 yaktaur captains
  2 orc high priests (Orc:2)
  2 unseen horrors
  8 shock serpents
  13 vault guards
  34 two-headed ogres
  6 hell knights (Crypt:3)
  Sonja (D:8)
  2 tengu warriors (D:7)
  23 anacondas
  4 phantasmal warriors
  A lindwurm (Swamp:4)
  A harpy (Vaults:1)
  8 swamp dragons
  23 hydras
  34 dancing weapons
  10 deep elf archers
  A spriggan druid (Swamp:4)
  10 ironbrand convokers
  2 shadow wraiths
  11 naga ritualists
  A death drake (WizLab)
  32 skeletal warriors
  6 flayed ghosts
  A shambling mangrove (Swamp:3)
  16 orc knights
  4 salamander mystics
  10 centaur warriors
  3 glowing orange brains
  A guardian serpent (shapeshifter) (D:8)
  2 wizards (D:8)
  A faun (shapeshifter) (Elf:1)
  7 necromancers
  Pikel (D:2)
  11 guardian serpents
  30 deep elf magi
  A manticore (D:8)
  13 salamanders
  6 shining eyes
  2 sea snakes (Snake:1)
  9 giraffes
  27 naga magi
  9 orc sorcerers
  3 large abominations
  45 black mambas
  13 mana vipers
  4 apocalypse crabs (WizLab)
  A salamander (shapeshifter) (Vaults:4)
  2 gargoyles
  2 eyes of devastation
  10 vault sentinels
  A juggernaut zombie (Crypt:2)
  A titan zombie (Crypt:3)
  21 ugly things
  A boulder beetle zombie (Lair:1)
  3 elephants (Lair:3)
  6 freezing wraiths
  7 rime drakes
  5 trolls
  A troll (shapeshifter) (Vaults:1)
  6 ice devils (IceCv)
  28 spiny frogs
  13 tyrant leeches
  A kobold demonologist (D:7)
  29 yaktaurs
  3 wolf spiders
  A caustic shrike skeleton (Crypt:1)
  A shadow dragon zombie (Crypt:3)
  2 ectoplasmic emanations (Slime:5)
  A komodo dragon (shapeshifter) (D:8)
  10 komodo dragons
  A shadow dragon skeleton (Vaults:3)
  3 human zombies (Vaults:3)
  7 bog bodies
  A jumping spider (shapeshifter) (Vaults:4)
  Prince Ribbit (D:2)
  3 polar bears
  2 fire giant zombies
  An alligator snapping turtle zombie (Crypt:1)
  A stone giant zombie (Crypt:3)
  3 wind drakes (WizLab)
  21 blink frogs
  A dire elephant zombie (Crypt:3)
  2 fire giant skeletons
  8 hornets
  A raiju (shapeshifter) (Vaults:3)
  A sphinx skeleton (Vaults:3)
  2 frost giant skeletons
  10 wraiths
  5 dream sheep (Lair:4)
  A dire elephant skeleton (Crypt:3)
  A giraffe zombie (Lair:1)
  A ynoxinul (Orc:2)
  A neqoxec (Abyss:2)
  A vampire (D:8)
  A hippogriff (D:6)
  A steam dragon (D:6)
  8 cyclopes
  3 giraffe skeletons (Lair:1)
  A shapeshifter (Vaults:4)
  A hippogriff (shapeshifter) (Vaults:4)
  39 flying skulls
  2 water elementals (Elf:1)
  A spriggan (shapeshifter) (Elf:3)
  14 air elementals
  20 yaks
  19 shadows
  A yaktaur skeleton (Vaults:3)
  An iron troll simulacrum (IceCv)
  2 spriggans
  A catoblepas skeleton (Crypt:3)
  A cyan draconian skeleton (Crypt:2)
  4 wyverns
  5 hogs (Snake:3)
  6 humans (D:7)
  A blue draconian skeleton (Crypt:1)
  A fire dragon zombie (Crypt:3)
  59 nagas
  A platinum draconian skeleton (Crypt:2)
  A fire elemental (Elf:1)
  An acid dragon (Vaults:1)
  A chaos spawn (Abyss:2)
  2 ice dragon skeletons
  96 slime creatures
  An ice dragon zombie (Crypt:3)
  8 redbacks
  2 basilisks
  A wolf spider zombie (D:7)
  19 vampire mosquitoes
  A small abomination (Vaults:4)
  A death yak simulacrum (IceCv)
  An earth elemental (Elf:1)
  An ettin skeleton (Vaults:3)
  A human simulacrum (Vaults:3)
  39 swamp worms
  31 insubstantial wisps
  12 wargs
  2 anaconda zombies
  8 guardian mummies (Lair:1)
  A necrophage (Crypt:3)
  A storm dragon simulacrum (Vaults:1)
  A phantom (D:6)
  19 water moccasins
  49 orc warriors
  3 scorpions
  A torturous demonspawn zombie (Crypt:1)
  12 porcupines
  12 swamp drakes
  2 hydra simulacra (IceCv)
  4 ettin simulacra
  2 sky beasts
  2 alligator simulacra (IceCv)
  A faun skeleton (Crypt:1)
  A deep troll skeleton (Vaults:3)
  2 black bears
  2 eyes of draining (Slime:1)
  18 ogres
  6 anaconda simulacra (IceCv)
  2 wolf spider simulacra (IceCv)
  17 wolves
  10 boggarts
  A manticore skeleton (Crypt:3)
  A jumping spider zombie (Crypt:1)
  15 crocodiles
  2 elf skeletons (Vaults:3)
  A swooping magpie zombie (Lair:1)
  2 big kobolds (D:2)
  3 komodo dragon skeletons (Lair:1)
  A meliai zombie (D:7)
  A swooping magpie skeleton (Lair:1)
  34 bullfrogs
  An elephant simulacrum (IceCv)
  A redback simulacrum (D:8)
  5 human skeletons (Vaults:3)
  5 centaurs
  2 polar bear skeletons (Lair:1)
  A draconian simulacrum (IceCv)
  A howler monkey (D:3)
  7 spiny frog skeletons (Lair:1)
  2 yak skeletons (Lair:1)
  2 harpy skeletons (D:7)
  5 killer bees (D:5)
  3 harpy simulacra (IceCv)
  5 wights
  A hornet zombie (D:7)
  4 troll simulacra (IceCv)
  9 electric eels
  A crimson imp (D:3)
  A blink frog skeleton (Lair:1)
  2 basilisk skeletons (Lair:1)
  2 lava snakes (Swamp:4)
  A rime drake zombie (Lair:1)
  A rime drake skeleton (Lair:1)
  26 orc priests
  3 hounds (D:6)
  7 jellies
  28 orc wizards
  A mummy (Lair:1)
  3 iguanas
  11 hell rats
  8 worker ants
  2 wyvern zombies (D:4)
  An acid dragon zombie (Crypt:2)
  2 water moccasin zombies (Lair:1)
  2 crocodile skeletons (Lair:1)
  3 wyvern skeletons
  4 water moccasin skeletons
  3 naga simulacra (IceCv)
  2 ogre simulacra (IceCv)
  7 giant cockroaches
  2 porcupine zombies (Lair:1)
  3 bullfrog zombies
  A centaur skeleton (Crypt:1)
  7 porcupine skeletons
  7 bullfrog skeletons
  2 shadow imps (D:3)
  12 adders
  31 sewer rats
  7 white imps
  4 worms
  12 cinder newts
  5 ufetubi (IceCv)
  2 worker ant zombies (D:5)
  2 hound skeletons
  A killer bee zombie (Crypt:2)
  8 oozes
  2 dart slugs (D:1)
  6 leopard geckos
  107 orcs
  4 adder skeletons
  An adder zombie (D:5)
  13 bats
  9 goblins (D:1)
  6 hobgoblins (D:1)
  4 quokkas
  2 ball pythons
  A bat skeleton (D:2)
  A goblin skeleton (D:2)
  A goblin zombie (Crypt:2)
  A hobgoblin skeleton (D:2)
  A jackal skeleton (D:3)
  16 kobolds
  A kobold skeleton (D:2)
  A quokka zombie (Lair:1)
  3 rats (D:1)
  9 azure jellies (Slime:5)
  2 butterflies
  A crawling corpse (Elf:3)
  5 death oozes (Slime:5)
  A fire vortex (Snake:4)
  2 fungi
  5 pillars of salt (Slime:5)
  6 plants
  4 slaves (D:2)
  6 withered plants (D:2)
2118 creatures vanquished.

Vanquished Creatures (collateral kills)
  2 orc warriors
  An ogre (Orc:2)
  2 orc wizards
  2 orcs
7 creatures vanquished.

Vanquished Creatures (others)
  A fire dragon (Elf:1)
  A blizzard demon (WizLab)
  A sphinx moth (Swamp:4)
  A shock serpent (WizLab)
  2 ironbrand convokers (Vaults:1)
  2 lindwurms (Swamp:4)
  2 swamp dragons (Swamp:4)
  An anaconda (Snake:2)
  A black mamba (Lair:4)
  A vault sentinel (Vaults:1)
  A mana viper (Snake:2)
  2 yaktaurs
  A hornet (Swamp:2)
  2 steam dragons (Swamp:4)
  A shadow (Crypt:1)
  A spriggan (Swamp:2)
  A naga (Snake:3)
  An orc warrior (Vaults:2)
  5 swamp drakes (Swamp:4)
  An orc wizard (Orc:1)
  4 adders (D:2)
  6 sewer rats (D:2)
  An ooze (D:2)
  A kobold (D:2)
  4 bushes
  A fire vortex (D:7)
  22 fungi
  18 giant blowflies
  2 pillars of salt (Slime:5)
  56 plants
  2 starspawn tentacles (Abyss:2)
  140 withered plants (D:2)
286 creatures vanquished.

Grand Total: 2411 creatures vanquished

Notes
Turn   | Place    | Note
-------+----------+-------------------------------------------
     0 | D:1      | MisterOstroum the Immature Draconian Wizard began the quest
                  | for the Orb.
     0 | D:1      | Reached XP level 1. HP: 14/14 MP: 5/5
    45 | D:1      | Reached skill level 1 in Fighting
   112 | D:1      | Reached XP level 2. HP: 23/23 MP: 1/7
   315 | D:1      | Reached skill level 2 in Fighting
   533 | D:1      | Reached XP level 3. HP: 11/29 MP: 0/8
   736 | D:1      | Learned a level 2 spell: Blink
   739 | D:1      | Learned a level 2 spell: Call Imp
   743 | D:1      | Learned a level 3 spell: Conjure Flame
   949 | D:1      | Identified a scroll of acquirement
  1259 | D:1      | Reached XP level 4. HP: 21/37 MP: 6/10
  1263 | D:1      | Reached skill level 3 in Fighting
  1458 | D:2      | Reached skill level 1 in Fire Magic
  1488 | D:2      | Reached XP level 5. HP: 45/45 MP: 9/11
  1576 | D:2      | Found an ornate altar of the Wu Jian Council.
  1810 | D:2      | Noticed Pikel
  1838 | D:2      | Killed Pikel
  1838 | D:2      | Reached skill level 5 in Fighting
  1838 | D:2      | Reached XP level 6. HP: 51/56 MP: 5/12
  1838 | D:2      | Your scales start taking on a gleaming silver colour.
  1838 | D:2      | Reached XP level 7. HP: 55/61 MP: 5/13
  1838 | D:2      | Gained mutation: Your opalescent pearl scales boost your
                  | defenses and vastly increase your resistance to negative
                  | energy. (AC++, rN+++) [Silver Draconian growth]
  1838 | D:2      | Gained mutation: You are strongly in touch with the powers
                  | of charms, summonings and the earth. [Silver Draconian
                  | growth]
  1852 | D:2      | Identified the ring "Numex" {rElec MR+ Str+2} (You acquired
                  | it on level 2 of the Dungeon)
  2442 | D:2      | Found an iron altar of Okawaru.
  2563 | D:2      | Reached skill level 6 in Fighting
  2563 | D:2      | Reached skill level 5 in Fire Magic
  2764 | D:2      | Reached XP level 8. HP: 70/70 MP: 8/14
  2777 | D:2      | Reached skill level 1 in Translocations
  3177 | D:2      | Learned a level 3 spell: Mephitic Cloud
  3181 | D:2      | Learned a level 3 spell: Stone Arrow
  3277 | D:2      | Reached skill level 1 in Earth Magic
  3327 | D:2      | Noticed Prince Ribbit
  3335 | D:2      | Killed Prince Ribbit
  3472 | D:2      | Reached skill level 7 in Fighting
  3472 | D:2      | Reached XP level 9. HP: 79/79 MP: 12/15
  4102 | D:3      | Found a shattered altar of Ashenzari.
  4371 | D:3      | Identified the cursed ring of the Unkillable {+Blink rCorr
                  | Str+4, (Curse: Fragile)}
  5551 | D:4      | Reached skill level 5 in Earth Magic
  5567 | D:4      | Reached skill level 1 in Shields
  5567 | D:4      | Reached skill level 5 in Spellcasting
  5876 | D:4      | Found a staircase to the Ecumenical Temple.
  5882 | Temple   | Entered the Ecumenical Temple
  5964 | Temple   | Became a worshipper of Bahamut & Tiamat
  6146 | D:4      | Reached skill level 5 in Stealth
  6254 | D:4      | Gained mutation: You are naturally skilled at Slings
                  | (Aptitude +3). [draconic bloodline]
  6254 | D:4      | Reached XP level 10. HP: 88/88 MP: 3/19
  6464 | D:4      | Reached * piety under Bahamut & Tiamat
  6973 | D:5      | Entered Level 5 of the Dungeon
  6973 | D:5      | Found Putwuf's Book Shoppe.
  7066 | D:5      | Identified the cursed ring "Icecvan" {EV+5 Str+6 Dex+4
                  | +Vis, (Curse: Slay-4)}
  7395 | D:5      | Found a snail-covered altar of Cheibriados.
  7525 | D:5      | Reached ** piety under Bahamut & Tiamat
  7553 | D:5      | Reached skill level 1 in Invocations
  7553 | D:5      | Reached skill level 1 in Evocations
  7676 | D:5      | Found a staircase to the Lair.
  7722 | D:5      | Reached skill level 8 in Fighting
  8432 | D:6      | Found an ancient bone altar of Kikubaaqudgha.
  8559 | Lair:1   | Entered Level 1 of the Lair of Beasts
  8637 | Lair:1   | Noticed an eight-headed hydra
  8801 | Lair:1   | Reached skill level 9 in Fighting
  9121 | Lair:1   | Reached XP level 11. HP: 97/97 MP: 16/23
  9204 | Lair:1   | Noticed a mummy priest
  9207 | Lair:1   | Noticed a jiangshi
  9212 | Lair:1   | Reached *** piety under Bahamut & Tiamat
  9431 | Lair:1   | Killed a mummy priest
  9573 | Lair:1   | Identified the +5 staff "Uwun" {shield, cold; -Tele rPois
                  | rC+ Str+3}
  9607 | Lair:1   | Noticed a seven-headed hydra
  9617 | Lair:1   | Killed a seven-headed hydra
  9617 | Lair:1   | Reached skill level 10 in Fighting
 10352 | Lair:1   | Noticed a mummy priest
 10360 | Lair:1   | Killed a mummy priest
 10360 | Lair:1   | Reached skill level 10 in Spellcasting
 10627 | Lair:1   | Killed an eight-headed hydra
 10627 | Lair:1   | Reached skill level 5 in Invocations
 10650 | Lair:1   | Noticed a mummy priest
 10668 | Lair:1   | Noticed a jiangshi
 10670 | Lair:1   | Noticed a phantasmal warrior
 10822 | Lair:2   | Noticed a five-headed hydra
 10838 | Lair:2   | Learned a level 3 spell: Apportation
 10916 | Lair:1   | Killed a mummy priest
 10963 | D:5      | Bought a book of Geomancy for 420 gold pieces
 10969 | D:5      | Learned a level 5 spell: Lee's Rapid Deconstruction
 10975 | D:5      | Learned a level 5 spell: Methodical Deconstruction
 10977 | D:5      | Learned a level 1 spell: Sandblast
 10980 | D:5      | Learned a level 2 spell: Passwall
 11245 | D:3      | Found a shattered altar of Ashenzari.
 11876 | Lair:1   | Reached **** piety under Bahamut & Tiamat
 11884 | Lair:1   | Gained mutation: You are naturally skilled at Stealth
                  | (Aptitude +3). [draconic bloodline]
 11884 | Lair:1   | Reached XP level 12. HP: 89/106 MP: 5/26
 12417 | Lair:1   | Reached skill level 5 in Shields
 12681 | Lair:1   | Reached skill level 10 in Earth Magic
 12808 | Lair:1   | Noticed a mummy priest
 12858 | Lair:1   | Reached ***** piety under Bahamut & Tiamat
 13004 | Lair:1   | Killed a mummy priest
 13760 | Lair:2   | Identified the cursed +2 pair of boots of Ashenzari's Whim
                  | {-Cast rC+++ MR- MP+9, (Curse: rF-)}
 13774 | Lair:2   | Identified the +8 longbow of Patience {speed, Int+2 Dex+3}
 14926 | Lair:3   | Found a staircase to the Swamp.
 15112 | Lair:3   | Learned a level 4 spell: Petrify
 15280 | Lair:3   | Reached skill level 5 in Dodging
 15330 | Lair:3   | Gained mutation: You are strongly in touch with the powers
                  | of charms, summonings and the earth. [Silver Draconian
                  | growth]
 15330 | Lair:3   | Reached XP level 13. HP: 108/113 MP: 9/27
 15614 | Lair:3   | Found a staircase to the Snake Pit.
 15999 | Lair:4   | Reached ****** piety under Bahamut & Tiamat
 16152 | Lair:4   | Your scales start taking on an opalescent pearl colour.
 16152 | Lair:4   | Reached skill level 5 in Summonings
 16152 | Lair:4   | Reached XP level 13. HP: 112/113 MP: 14/27
 16154 | Lair:4   | Received a gift from Bahamut & Tiamat
 16182 | Lair:4   | Learned a level 6 spell: Borgnjor's Vile Clutch
 16342 | Lair:4   | Reached skill level 1 in Necromancy
 18012 | Lair:5   | Identified the ring of the Fortune-Teller {rPois Str+4
                  | Slay+3 Stlth+}
 19336 | Lair:5   | Identified the +5 robe "Joju" {MR- Slay+6 Stlth+}
 19407 | Lair:6   | Entered Level 6 of the Lair of Beasts
 19450 | Lair:5   | Gained mutation: You are naturally skilled at Whips &
                  | Flails (Aptitude +3). [draconic bloodline]
 19450 | Lair:5   | Reached XP level 14. HP: 52/121 MP: 2/28
 19758 | Lair:6   | Reached skill level 1 in Transmutations
 20115 | Lair:6   | Reached skill level 5 in Evocations
 20615 | Lair:6   | Identified the +10 nunchaku of the Dwarven Hall {acid,
                  | rElec Str+3}
 20626 | Lair:6   | Upgraded the game from 0.02-195-g79a12fe00a to
                  | 0.02-207-g49f19f9342
 20858 | Lair:6   | Found a staircase to the Slime Pits.
 20909 | Lair:6   | Identified the cursed +8 trident "Kaoh" {molten, rN+ Str+5,
                  | (Curse: *Corrode Dex-3)}
 20925 | Lair:6   | Found a glowing silver altar of Zin.
 21007 | Lair:6   | Noticed Hiezim's ghost (journeyman DECj)
 21008 | Lair:6   | Noticed Comi's ghost (journeyman TeBe)
 21009 | Lair:6   | Found a runed translucent gate.
 21010 | Lair:6   | Found a runed translucent gate.
 21011 | Lair:6   | Found a runed translucent gate.
 21012 | Lair:6   | Noticed Puepiyp's ghost (journeyman VSTm)
 21020 | Lair:6   | Noticed Comi's ghost (journeyman TeBe)
 21186 | Lair:6   | Killed Puepiyp's ghost
 21187 | Lair:6   | Killed Comi's ghost
 21188 | Lair:6   | Killed Hiezim's ghost
 21190 | Lair:6   | Killed Comi's ghost
 21346 | Swamp:1  | Entered Level 1 of the Swamp
 22407 | Swamp:1  | HP: 3/121 [hornet (9)]
 22408 | Swamp:1  | Reached skill level 5 in Transmutations
 22663 | Swamp:1  | Identified the +1 scale mail of Apheomp {rElec rC+ Slay+2}
 23756 | Swamp:2  | Gained mutation: You are naturally adept at Whips & Flails
                  | (Aptitude +5). [draconic bloodline]
 23756 | Swamp:2  | Reached XP level 15. HP: 107/126 MP: 17/30
 25252 | Swamp:3  | Found a frozen archway.
 25259 | IceCv    | Entered an ice cave
 26280 | IceCv    | Noticed an Ice Fiend
 26296 | IceCv    | Killed an Ice Fiend
 26451 | IceCv    | Identified the cursed +0 pair of gloves of the Dragon
                  | {rPois, (Curse: Str-5 Dex-4)}
 26507 | Swamp:3  | Found a runed translucent door.
 26509 | Swamp:3  | Noticed Lanoc's ghost (adept DrDg)
 27116 | Swamp:3  | Learned a level 6 spell: Hydra Form
 27140 | Swamp:3  | Reached skill level 10 in Transmutations
 27824 | Swamp:4  | Entered Level 4 of the Swamp
 27972 | Swamp:3  | Learned a level 6 spell: Bolt of Fire
 28332 | Swamp:4  | Noticed a thorn hunter
 28336 | Swamp:4  | Killed a thorn hunter
 28486 | Swamp:3  | Learned a level 7 spell: Dragon Form
 28618 | Swamp:4  | Reached skill level 1 in Unarmed Combat
 28648 | Swamp:4  | Reached XP level 16. HP: 132/134 MP: 19/31
 28981 | Swamp:4  | Got a decaying rune of Zot
 29387 | Swamp:3  | Killed Lanoc's ghost
 29495 | Snake:1  | Entered Level 1 of the Snake Pit
 30741 | Snake:2  | Reached skill level 5 in Unarmed Combat
 30764 | Snake:2  | Noticed Nikola
 30977 | D:4      | Learned a level 6 spell: Borgnjor's Vile Clutch
 31158 | Snake:2  | Killed Nikola
 32442 | Snake:3  | Noticed Aizul
 32466 | Snake:3  | Killed Aizul
 32852 | Snake:3  | Reached XP level 17. HP: 138/143 MP: 26/33
 32866 | Snake:3  | Noticed Circe
 33120 | Snake:3  | Reached skill level 11 in Fighting
 33162 | Snake:3  | Killed Circe
 33534 | Snake:4  | Entered Level 4 of the Snake Pit
 33549 | Snake:4  | Noticed Bai Suzhen
 33567 | Snake:4  | Killed Bai Suzhen
 33567 | Snake:4  | Reached skill level 10 in Unarmed Combat
 33797 | Snake:4  | Noticed Louise
 33819 | Snake:4  | Killed Louise
 33882 | Snake:4  | Reached skill level 12 in Fighting
 34396 | Snake:4  | Identified the cursed ring "Padiop" {rElec rPois Str-2
                  | Dex+5, (Curse: Fragile Slay-4)}
 34687 | Snake:4  | Identified the cursed amulet of Obsession {Chaos *Slow
                  | Str+7, (Curse: Fragile)}
 34910 | Snake:4  | Reached skill level 13 in Fighting
 34911 | Snake:4  | Gained mutation: Your large and strong wings let you fly
                  | indefinitely. [Pearl Draconian growth]
 34911 | Snake:4  | Reached XP level 18. HP: 157/157 MP: 19/34
 35782 | Snake:4  | Identified the cursed ring "Lairhim" {Ice rPois rN+++
                  | Slay+2 Stlth-, (Curse: Fragile)}
 35862 | Snake:4  | Got a serpentine rune of Zot
 37142 | D:6      | Found a staircase to the Orcish Mines.
 37753 | D:7      | Found a gate to the Vaults.
 38126 | D:7      | Noticed Urug
 38138 | D:7      | Killed Urug
 38255 | D:7      | Found a bloodstained altar of Trog.
 38425 | Orc:1    | Entered Level 1 of the Orcish Mines
 38919 | Orc:2    | Entered Level 2 of the Orcish Mines
 38927 | Orc:2    | Found a staircase to the Elven Halls.
 39135 | Orc:2    | Reached skill level 14 in Fighting
 39194 | Orc:1    | Identified the cursed ring "Waac" {MR+ Dex+4, (Curse:
                  | *Drain Fragile Int-4)}
 39559 | Orc:2    | Found a roughly hewn altar of Beogh.
 39777 | Orc:2    | Found Kofos's General Store.
 39794 | Orc:2    | Found Jaza's Book Boutique.
 39813 | Orc:2    | Found Zomner's Antique Weapon Boutique.
 39845 | Orc:2    | Found Mema's Antique Armour Boutique.
 39853 | Orc:2    | Bought an embroidered hat for 175 gold pieces
 39877 | Orc:2    | Bought a scroll of enchantment for 97 gold pieces
 39877 | Orc:2    | Bought 2 potions of might for 104 gold pieces
 39877 | Orc:2    | Bought a scroll of enchantment for 97 gold pieces
 39897 | Orc:2    | Bought a manual of Fire Magic for 1545 gold pieces
 40210 | Orc:2    | Found Gocuhiv's Antique Weapon Shoppe.
 40610 | Elf:1    | Entered Level 1 of the Elven Halls
 40610 | Elf:1    | Identified the ring "Qepacir" {*Slow rC+ Str+3 Dex+5}
 40786 | Elf:1    | Found Oschiz Sien's Assorted Antiques.
 40796 | Elf:1    | Bought a potion of curing for 75 gold pieces
 40796 | Elf:1    | Bought a scroll of fog for 50 gold pieces
 41246 | Elf:1    | Identified the cursed ring "Zifuk" {*Slow rC++ MR++ rCorr,
                  | (Curse: *Corrode Fragile)}
 41297 | Elf:1    | Noticed an Ice Fiend
 41301 | Elf:1    | Reached XP level 19. HP: 140/168 MP: 18/35
 41553 | Elf:1    | Found a runed translucent gate.
 41553 | Elf:1    | Found a runed translucent gate.
 41553 | Elf:1    | Found a runed translucent gate.
 41553 | Elf:1    | Found a runed translucent gate.
 41553 | Elf:1    | Found a runed translucent gate.
 41554 | Elf:1    | Found a runed translucent gate.
 41566 | Elf:1    | Learned a level 2 spell: Song of Slaying
 41570 | Elf:1    | Learned a level 3 spell: Regeneration
 42166 | Elf:2    | Identified the -1 pair of gloves of Toitiaxt {Dex+4} (You
                  | acquired it on level 2 of the Elven Halls)
 42166 | Elf:2    | Identified the +7 eveningstar of Absolution {holy, rPois
                  | Int+3 Dex+2} (You acquired it on level 2 of the Elven
                  | Halls)
 42411 | Elf:2    | Noticed Jorgrun
 42417 | Elf:2    | Killed Jorgrun
 42577 | Elf:2    | Identified the cursed ring of the Worm {AC+5 Str+4, (Curse:
                  | Fragile)}
 42613 | Elf:2    | Found a runed translucent gate.
 42613 | Elf:2    | Found a runed translucent gate.
 42614 | Elf:2    | Found a runed translucent gate.
 43132 | Elf:2    | Reached skill level 15 in Fighting
 43594 | Elf:3    | Entered Level 3 of the Elven Halls
 43748 | Elf:3    | Identified the cursed ring of Xeyl {rElec rPois rN+ Dex+3
                  | +Vis, (Curse: Fragile rF-)}
 43975 | Elf:3    | Reached skill level 15 in Unarmed Combat
 44148 | Vaults:1 | Entered Level 1 of the Vaults
 44168 | Vaults:1 | Identified the cursed ring of Ducur {rPois Dex+2, (Curse:
                  | Fragile Int-5)}
 44560 | Vaults:1 | Found a large runed translucent door.
 44560 | Vaults:1 | Found a large runed translucent door.
 44560 | Vaults:1 | Found a large runed translucent door.
 44560 | Vaults:1 | Found a large runed translucent door.
 44560 | Vaults:1 | Found a large runed translucent door.
 44560 | Vaults:1 | Found a large runed translucent door.
 44560 | Vaults:1 | Noticed Ugguttuj's ghost (veteran DrWn)
 44561 | Vaults:1 | Found a large runed translucent door.
 44561 | Vaults:1 | Found a large runed translucent door.
 44664 | Vaults:1 | Reached skill level 10 in Fire Magic
 45051 | Vaults:1 | Killed Ugguttuj's ghost
 45135 | Vaults:1 | Reached XP level 20. HP: 178/178 MP: 8/36
 46266 | Vaults:2 | Cast into level 2 of the Abyss (a deep elf demonologist)
 46273 | Abyss:2  | Found a corrupted altar of Lugonu.
 46369 | Vaults:2 | Escaped the Abyss
 46579 | Vaults:2 | Noticed Jory
 46588 | Vaults:2 | Killed Jory
 46762 | Vaults:1 | Identified the cursed ring "Nocracaun" {rF+ rC++ rCorr,
                  | (Curse: Dex-5)}
 46766 | Vaults:1 | Reached skill level 15 in Transmutations
 46977 | Vaults:1 | Reached skill level 1 in Charms
 47896 | Vaults:3 | Identified Zucwiat's Disquisition on Fire
 47949 | Vaults:3 | Found a staircase to the Crypt.
 47952 | Vaults:3 | Reached skill level 5 in Necromancy
 47963 | Crypt:1  | Entered Level 1 of the Crypt
 48080 | Crypt:1  | Found a magical portal.
 48539 | WizLab   | Identified a +2 pair of boots of running
 48544 | WizLab   | Identified the Catalogue of Feathers
 48548 | WizLab   | Identified the ring "Qatz" {+Inv rElec MP+9 Dex-2} (You
                  | acquired it in a wizard's laboratory)
 48567 | WizLab   | Identified the Volume of the Blaze
 49209 | Crypt:1  | Reached skill level 5 in Charms
 49897 | Crypt:2  | Noticed Boris
 49914 | Crypt:2  | Killed Boris
 50082 | Crypt:2  | Reached XP level 21. HP: 187/187 MP: 24/37
 50256 | Crypt:2  | Noticed Frederick
 50262 | Crypt:2  | Killed Frederick
 50394 | Crypt:2  | Identified the cursed ring "Sogaof" {rC+++ MR+ MP+9 Int-5,
                  | (Curse: Fragile Dex-3)}
 50533 | Crypt:2  | Identified the +3 war axe of Idovamaw {molten, rN++}
 50600 | Crypt:2  | Reached skill level 16 in Fighting
 51126 | Crypt:3  | Entered Level 3 of the Crypt
 51228 | Crypt:3  | Noticed Mennas
 51246 | Crypt:3  | Killed Mennas
 51270 | Crypt:3  | Identified the +3 scutum of Royalty {rElec rF+ rN+ Int-2}
 51685 | Crypt:3  | Found a staircase to the Tomb.
 51780 | Crypt:3  | Identified the cursed ring "Ucvikh" {Dex+4 Stlth+, (Curse:
                  | Fragile)}
 51880 | Crypt:3  | Noticed an ancient lich
 51894 | Crypt:3  | Killed an ancient lich
 51917 | Crypt:3  | Found the +0 sword of Power
 52128 | Crypt:3  | Noticed Boris
 52131 | Crypt:3  | Killed Boris
 52272 | Crypt:3  | Found a basalt altar of Yredelemnul.
 52287 | Crypt:3  | Identified the +4 trident of the Shining Light {pierce,
                  | rElec rPois Int-3 Dex+2}
 52346 | Crypt:3  | Identified the cursed +7 staff "Negiov" {warp, death; rF+
                  | rN+ MP+9 Str-3 Int+2, (Curse: Dex-3)}
 52988 | Vaults:3 | Identified the cursed ring of the Tired Wars {Fire MR+
                  | Str+3 Int+3 Dex-4, (Curse: Fragile Slay-6)}
 53172 | Vaults:3 | Reached skill level 17 in Fighting
 53304 | Vaults:3 | Reached XP level 22. HP: 199/199 MP: 39/39
 53979 | Vaults:3 | Identified the -2 pair of gloves of Nihilism {rPois rC+
                  | Dex+4} (You acquired it on level 3 of the Vaults)
 53979 | Vaults:3 | Identified the amulet "Addalint" {Acrobat MR+ Str+5} (You
                  | acquired it on level 3 of the Vaults)
 54904 | Vaults:4 | Learned a level 6 spell: Statue Form
 55100 | Vaults:4 | Identified the cursed amulet of Xom's Absentmindedness
                  | {Reflect Str+3 SH+5, (Curse: Fragile MR-)}
 55232 | Vaults:4 | Found a portal to a secret trove of treasure.
 55253 | Vaults:4 | Found Delaronk's Food Shoppe.
 55623 | Vaults:4 | Reached skill level 10 in Invocations
 55795 | Vaults:4 | Identified the cursed ring "Helicoi" {rF- Str+2 Int+5
                  | Slay+5, (Curse: *Drain Fragile)}
 56568 | D:8      | Entered Level 8 of the Dungeon
 56621 | D:8      | Noticed Sonja
 56631 | D:8      | Killed Sonja
 56939 | D:8      | Noticed Roxanne
 56943 | D:8      | Killed Roxanne
 57088 | D:8      | Reached skill level 18 in Fighting
 57119 | D:8      | Found a shimmering blue altar of Sif Muna.
 57191 | D:8      | Identified the cursed amulet "Piucar" {RegenMP rF+ MR+
                  | Str-4 Int+5, (Curse: Fragile Dex-3 Slay-2)}
 57201 | D:8      | Found a staircase to the Depths.
 57429 | D:8      | Found a basalt altar of Yredelemnul.
 57577 | D:8      | Found a blossoming altar of Fedhas.
 58245 | Slime:1  | Entered Level 1 of the Pits of Slime
 58250 | Slime:1  | Gained mutation: Your spells are a little harder to cast,
                  | but a little more powerful. [a shining eye]
 58468 | Slime:1  | Gained mutation: Your spells are harder to cast, but more
                  | powerful. [a shining eye]
 58491 | Slime:1  | Reached XP level 23. HP: 209/209 MP: 41/41
 59068 | Slime:4  | Lost mutation: Your spells are harder to cast, but more
                  | powerful. [a shining eye]
 59146 | Slime:5  | Entered Level 5 of the Pits of Slime
 59504 | Slime:5  | Noticed the Royal Jelly
 59523 | Slime:5  | Killed the Royal Jelly
 59531 | Slime:5  | Mangled by a titanic slime creature

Levels and vault maps discovered:
D:1:      dpeg_arrival_simpleton_b, layout_cave_pools, first_ration,
          serial_forest, infiniplex_forest_lined_2,
          infiniplex_forest_straight_4, infiniplex_forest_lined_ring,
          infiniplex_forest_corner_2, infiniplex_forest_lined_room_3,
          infiniplex_forest_corner_2, infiniplex_forest_zigzag_2,
          infiniplex_forest_diagonal
D:2:      layout_sewer, lemuel_round_altar, okawaru_metal_pillars_1_2,
          sewer_minmay_ubend, hangedman_decor_points, uniq_pikel
D:3:      layout_loops_corners, cheibrodos_ashenzari_chains, roderic_malta_cross
D:4:      layout_basic, minmay_temple_entry_proselytizer
D:5:      layout_roguey, kennysheep_mini_moat, grunt_lair_entry_orc_guard_hut,
          serial_shops, shop
D:6:      layout_stronghold, marbit_many_paths, minmay_orc_entry_guard_dogs
D:7:      layout_roguey, trog_ov_bears_minmay, ximxim_vaults_locker_room,
          uniq_urug
D:8:      grunt_enter_depths_magical_seal, layout_irregular_city,
          bcadren_lemuel_inverted_doored_altar, lemuel_doored_altar,
          fedhas_altar_fruit_tree, uniq_sonja, uniq_roxanne
Temple:   nicolae_temple_great_sept
Lair:1:   layout_chaotic_city, st_stairs_8, nicolae_ossuary_entry_giza,
          ossuary_tomb_2
Lair:2:   layout_chaotic_city
Lair:3:   layout_misc_corridors, minmay_swamp_entry_swarm,
          minmay_snake_entry_guardpost_small
Lair:4:   layout_roguey, hangedman_lair_generics_rect, lemuel_fruit_tree
Lair:5:   layout_gridlike, hibernation_bobbens, grunt_megastairs_1,
          serial_bayou_shore_b
Lair:6:   minmay_lair_end_frog_pond, layout_hall_layers,
          nicolae_slime_entry_slimehenge, gammafunk_ghost_cemetery, basic_altar
Swamp:1:  layout_falls_marsh, evilmike_swamp_ruin_house_3, swamp_pool2
Swamp:2:  layout_basic_swamp, serial_swamp_ruin, evilmike_swamp_ruin_house_6,
          evilmike_swamp_ruin_rubble_2, hangedman_swamp_ruin_wall,
          infiniplex_staircase_pool_2
Swamp:3:  layout_falls_marsh, ebering_ghost_reflecting_pool,
          portal_ice_cave_entry_pillars_four, hangedman_swamp_cone
Swamp:4:  swamp_fiery, layout_basic_swamp, swamp_pool1
Snake:1:  cheibrodos_snake_ritualist_ritual, layout_layer_cave,
          serial_bayou_crossing, serial_bayou_shore_a
Snake:2:  layout_onion, uniq_nikola
Snake:3:  layout_rooms, uniq_circe, uniq_aizul
Snake:4:  grunt_snake_rune_serpentine_throne, layout_cave_shapes,
          hangedman_snake_corridor_split, uniq_louise, uniq_bai_suzhen
Slime:1:  layout_caves, cheibrodos_slime_lost_civilization_6
Slime:2:  nicolae_slime_pool, layout_caves, cheibrodos_slime_lost_civilization_5
Slime:3:  layout_caves
Slime:4:  layout_regular_city, basic_altar, nicolae_slime_welcoming_committee
Slime:5
Orc:1:    layout_caves
Orc:2:    grunt_orc_cross, layout_diamond_mine, serial_shops, nicolae_shop_stone
Elf:1:    layout_loops_cross, serial_shops, nicolae_shop_overgrown_old_shop,
          serial_glass, glass_columns_c, glass_columns_b, feat_on_display,
          item_on_display_merged, item_on_display_merged, orc_legates,
          grunt_ministairs_1
Elf:2:    layout_geoelf_octagon, uniq_jorgrun
Elf:3:    grunt_elf_hall_branching, layout_loops_cross, corexii_hall_statues_x,
          drop_trap
Vaults:1: advil_vaults_ghost_lines, vaults_room_door_hall,
          nicolae_vaults_quartermaster, grunt_vaults_diagonal,
          vaults_dpeg_diagonal, nicolae_vaults_network_star, v_misc_18,
          vaults_room_grid, v_rooms_2, vaults_dpeg_doors,
          nicolae_vaults_little_squares_1, nicolae_vaults_twisting_passages,
          vaults_room_corners, grunt_vaults_bifocal, layout_vaults_omnibox
Vaults:2: v_misc_3, nicolae_vaults_diagonal_hallway_9,
          ontoclasm_vaults_shuriken, v_misc_30,
          ontoclasm_vaults_decontamination, ontoclasm_vaults_ligature,
          nicolae_vaults_little_squares_4, v_misc_3, layout_vaults_omnigrid,
          uniq_jory
Vaults:3: ontoclasm_vaults_ring_large, minmay_crypt_entry_skeletal_spiral,
          v_misc_33, nicolae_vaults_border_crossing, vaults_room_pools,
          hangedman_vaults_trim, nicolae_vaults_mini_display_case,
          nicolae_vaults_little_squares_3, vaults_mumra_hex,
          layout_vaults_chaotic_city
Vaults:4: v_misc_18, vaults_room_ringed_pool, nicolae_vaults_network_quinsquares
          [nicolae_vaults_network_quincunx_subvault,
          nicolae_vaults_network_quincunx_subvault,
          nicolae_vaults_network_quincunx_subvault,
          nicolae_vaults_network_quincunx_subvault],
          nicolae_vaults_little_squares_2, vaults_dpeg_ring,
          nicolae_vaults_know_your_exits, vaults_room_stairs_pillars,
          hangedman_vaults_capsules, v_misc_5, vaults_room_stairs_pillars,
          ontoclasm_vaults_ring_small, ontoclasm_vaults_gateway,
          layout_vaults_omnicross, nicolae_trove_entry_free_sample,
          serial_shops, shop
Crypt:1:  minmay_shadows, layout_chaotic_city, mu_enter_wizlab_2
Crypt:2:  layout_catacombs, uniq_frederick, uniq_boris
Crypt:3:  cryptofortress_bobbens, uniq_mennas

Skill      XL: |  1  2  3  4  5  6  7  8  9 10 11 12 13 14 15 16 17 18 19 20 21 22 23 |
---------------+----------------------------------------------------------------------+-----
Fighting       | 1 2 3 5 6 7 9 10 13 14 15 17 18 | 18.5
Stealth        | 2 3 4 5 6 |  6.6
Fire Magic     | 1 4 5 6 7 11 12 | 12.2
Translocations | 2 3 |  3.6
Summonings     | 2 3 5 |  5.6
Earth Magic    | 3 6 7 9 12 12 13 | 13.0
Shields        | 1 3 4 6 7 8 |  8.0
Spellcasting   | 6 8 10 11 12 13 14 | 14.7
Invocations    | 3 5 7 8 9 10 11 | 11.2
Evocations     | 2 3 4 5 6 7 8 |  8.6
Dodging        | 3 5 6 7 8 9 |  9.9
Necromancy     | 4 5 6 7 |  7.0
Transmutations | 6 11 12 13 14 15 | 15.0
Unarmed Combat | 1 8 11 13 15 16 17 | 17.5
Charms         | 5 9 |  9.9

Action                   |  1- 3 |  4- 6 |  7- 9 | 10-12 | 13-15 | 16-18 | 19-21 | 22-24 || total
-------------------------+-------+-------+-------+-------+-------+-------+-------+-------++-------
Melee: Unarmed           |    42 |     1 |    16 |     2 |    71 |   925 |   996 |   560 ||  2613
       Dagger            |    16 |     1 |     9 |    14 |       |       |       |       ||    40
       Tailslap          |     3 |       |       |    32 |     5 |    63 |    93 |    52 ||   248
       Whip              |       |       |       |   153 |     5 |       |       |       ||   158
       Staff             |       |       |       |       |     1 |    33 |    35 |     5 ||    74
       Nunchaku          |       |       |       |       |    22 |       |       |       ||    22
       Bite              |       |       |       |       |     1 |    42 |    78 |    31 ||   152
 Fire: Shortbow          |       |       |       |    10 |       |       |       |       ||    10
       Hunting sling     |       |       |       |    12 |     3 |       |       |       ||    15
Throw: Skull             |     7 |     5 |    14 |    11 |    15 |     2 |     3 |       ||    57
       Rusty metal       |     6 |     3 |    24 |    17 |    14 |     1 |     3 |       ||    68
       Stone             |     7 |     4 |    46 |     6 |       |     4 |     2 |     2 ||    71
       Bone              |     5 |     4 |    15 |    18 |    29 |     2 |     3 |       ||    76
       Gnarled root      |       |       |       |    10 |    20 |       |       |       ||    30
       Clump of mud      |       |       |       |       |    14 |       |       |       ||    14
       Snowball          |       |       |       |       |     3 |       |       |       ||     3
 Cast: Flame Tongue      |    70 |    39 |   337 |    76 |    22 |       |       |       ||   544
       Call Imp          |       |       |     3 |     1 |       |       |       |       ||     4
       Conjure Flame     |       |       |    12 |    15 |       |       |       |       ||    27
       Stone Arrow       |       |       |    34 |   380 |   280 |       |       |       ||   694
       Mephitic Cloud    |       |       |     1 |       |       |       |       |       ||     1
       Sandblast         |       |       |       |   108 |   295 |    48 |    10 |     2 ||   463
       Lee's Rapid Decon |       |       |       |    19 |   159 |    13 |    63 |     9 ||   263
       Blink             |       |       |       |     1 |       |       |       |     3 ||     4
       Apportation       |       |       |       |     1 |       |       |       |       ||     1
       Petrify           |       |       |       |     1 |    90 |     3 |     3 |     1 ||    98
       Methodical Decons |       |       |       |     1 |    15 |     2 |    10 |     1 ||    29
       Borgnjor's Vile C |       |       |       |       |     4 |    52 |    24 |    10 ||    90
       Bolt of Fire      |       |       |       |       |    17 |   117 |   143 |   108 ||   385
       Dragon Form       |       |       |       |       |     1 |    58 |    66 |    24 ||   149
       Hydra Form        |       |       |       |       |     1 |       |       |       ||     1
       Regeneration      |       |       |       |       |       |       |    18 |    11 ||    29
       Song of Slaying   |       |       |       |       |       |       |     1 |     1 ||     2
       Statue Form       |       |       |       |       |       |       |       |     5 ||     5
Invok: Choose Tiamat's R |       |       |     1 |       |       |       |       |       ||     1
       Choose Bahamut's  |       |       |       |     1 |       |       |       |       ||     1
       Enhanced Breath   |       |       |       |     2 |     7 |    10 |     4 |     7 ||    30
       Choose Tiamat's S |       |       |       |     1 |       |       |       |       ||     1
       Choose Bahamut's  |       |       |       |       |     1 |       |       |       ||     1
       Receive Book of t |       |       |       |       |     1 |       |       |       ||     1
       Summon Drakes     |       |       |       |       |     1 |     4 |     2 |       ||     7
 Abil: Breathe Silver Sp |       |       |     2 |     6 |     1 |       |       |       ||     9
       Breathe Blessed F |       |       |       |       |    11 |    16 |    27 |    11 ||    65
       End Transformatio |       |       |       |       |       |     1 |     1 |     1 ||     3
       Breathe Metal Spl |       |       |       |       |       |       |       |     1 ||     1
Evoke: Wand              |       |       |       |     3 |    37 |     4 |     8 |     6 ||    58
       Phantom mirror    |       |       |       |       |       |     1 |       |       ||     1
       Lamp of fire      |       |       |       |       |       |     2 |     1 |       ||     3
       Lightning rod     |       |       |       |       |       |       |     7 |       ||     7
  Use: Scroll            |       |       |     1 |     3 |     9 |     6 |    17 |     7 ||    43
       Potion            |       |       |       |     3 |     5 |     5 |     3 |     1 ||    17
 Stab: Sleeping          |     1 |       |       |       |       |     3 |     4 |     4 ||    12
       Petrified         |       |       |       |       |     4 |       |     2 |     4 ||    10
       Petrifying        |       |       |       |       |     1 |       |     2 |       ||     3
       Distracted        |       |       |       |       |       |       |     1 |       ||     1
  Eat: Chunk             |     1 |     2 |    16 |    19 |    47 |    80 |    73 |    36 ||   274
       Ration            |       |       |       |     4 |     4 |    10 |    11 |     6 ||    35
Armor: Skin              |    24 |     5 |    32 |   157 |   270 |   358 |   308 |   165 ||  1319
Dodge: Dodged            |    79 |    18 |    96 |   249 |   216 |   203 |   143 |   137 ||  1141
Block: Other             |       |       |    32 |     1 |       |    80 |    68 |    34 ||   215
       Reflection        |       |       |     2 |     2 |       |    15 |     5 |     9 ||    33
       Heater shield     |       |       |       |   155 |    76 |       |       |       ||   231
       Buckler           |       |       |       |    13 |   111 |    42 |    35 |    60 ||   261
       Nunchaku          |       |       |       |       |    19 |       |       |       ||    19
